 Dungeon Crawl Stone Soup version 0.31.0-4-g52a2dc7128 (webtiles) character file.

Game seed: 976698761799994246

90 freelancePsychic the Trooper (level 4, -5/35 HPs)
             Began as a Merfolk Earth Elementalist on Jan 22, 2024.
             Was an Initiate of Wu Jian.
             Killed from afar by an orc wizard (7 damage)
             ... with a magic dart
             ... on level 4 of the Dungeon.
             The game lasted 00:05:32 (2838 turns).

freelancePsychic the Trooper (MfEE)                 Turns: 2838, Time: 00:05:33

Health: -5/35      AC:  2    Str: 10    XL:     4   Next: 56%
Magic:  7/7        EV: 12    Int: 14    God:    Wu Jian [......]
Gold:   134        SH:  0    Dex: 14    Spells: 6/7 levels left

rFire   . .          .
                       - Unarmed
rCold   . . .        (no shield)
rNeg    . . .        a - +0 robe
rPois   .            (no helmet)
rElec   .            (no cloak)
rCorr   .            (no gloves)
SInv    .            (no boots)
Will    .....        (no amulet)
Stlth   ++           (no ring)
HPRegen 0.25/turn    (no ring)
MPRegen 0.10/turn

%: no passive effects
@: on berserk cooldown, hasted and slowed
A: (nimble swimmer 2), mertail
a: Renounce Religion


You were on level 4 of the Dungeon.
You worshipped Wu Jian.
Wu Jian was noncommittal.
You visited 2 branches of the dungeon, and saw 5 of its levels.

You collected 134 gold pieces.

Inventory:

Hand Weapons
 c - a +0 sling
Armour
 a - a +0 robe (worn)
 d - an orb of energy
Jewellery
 j - an amulet of faith
 q - a ring of positive energy
Talismans
 g - a flux talisman
Wands
 p - a wand of mindburst (12)
Scrolls
 e - a scroll of enchant armour {unknown}
 f - 3 scrolls of identify {unknown}
 h - 2 scrolls of teleportation {@r4}
 k - a scroll of noise {unknown}
 o - 3 scrolls of poison {unknown}
Potions
 b - a potion of magic
 i - 2 potions of berserk rage
 l - a potion of ambrosia


   Skills:
 + Level 3.2 Fighting
 - Level 2.6 Dodging
 - Level 2.1 Stealth
 + Level 1.1 Unarmed Combat
 - Level 2.0 Spellcasting
 - Level 0.7 Conjurations
 - Level 2.4 Earth Magic
 * Level 2.5 Shapeshifting


You had 6 spell levels left.
You knew the following spells:

 Your Spells              Type           Power      Damage    Failure   Level
a - Sandblast             Erth           16%        2d6       9%          1

Your spell library contained the following spells:

 Spells                   Type           Power      Damage    Failure   Level
 Passwall                 Erth           8%         N/A       26%         3
 Lesser Beckoning         Tloc           2%         N/A       34%         2
 Stone Arrow              Conj/Erth      10%        3d7       36%         3
 Gell's Gravitas          Tloc           1%         N/A       56%         3
 Inner Flame              Hex/Fire       1%         N/A       56%         3
 Teleport Other           Tloc           1%         N/A       56%         3
 Brom's Barrelling Bould  Conj/Erth      5%         2d3       77%         4
 Petrify                  Alch/Erth      4%         N/A       82%         4
 Irradiate                Conj/Alch      1%         3d12      99%         5
 Ignition                 Fire           0%         3d3       100%        8


Dungeon Overview and Level Annotations

Branches:
Dungeon (4/15)             Temple (1/1) D:4

Altars:
Ashenzari
Cheibriados
Dithmenos
Elyvilon
Fedhas
Gozag
Hepliaklqana
Nemelex Xobeh
Okawaru
Qazlal
Ru
Sif Muna
Trog
Uskayaw
Vehumet
Wu Jian
Xom
Yredelemnul
Zin
The Shining One

Annotations:
D:2 Terence


Innate Abilities, Weirdness & Mutations

((You are very nimble when in or above water. (Stealth+, EV+, Speed+++)))
Your lower body shifts to a powerful aquatic tail in water.


Message History

Something barely misses you.
It was a potion of berserk rage.
A red film seems to cover your vision as you go berserk!
You feel yourself moving faster!
You feel mighty!
The orc shouts!
Something hits you.
* * * LOW HITPOINT WARNING * * *
You feel a strong urge to attack something.
You barely miss something. Something hits you but does no damage.
You feel a strong urge to attack something.
You feel less confused.
You hear some strange, mumbled words.
A magic dart appears from out of thin air!
The magic dart hits you.
* * * LOW HITPOINT WARNING * * *
You feel your anger nearly subside.
You are no longer berserk.
You are exhausted.
You feel yourself slow down.
You hear some strange, mumbled words.
You are confused.
You are too confused!
It was a potion of haste.
You feel yourself speed up. The orc hits you with a +0 dagger.
* * * LOW HITPOINT WARNING * * *
Something completely misses you. The orc hits you with a +0 dagger.
* * * LOW HITPOINT WARNING * * *
It was a potion of curing.
You feel better.
You hear some strange, mumbled words.
A puff of flame appears from out of thin air!
The puff of flame hits you.
* * * LOW HITPOINT WARNING * * *
The orc closely misses you.
Aiming: Mindburst
Press: ? - help, Shift-Dir - straight line, f - orc
Aim: an orc, wielding a +0 dagger and wearing a +0 leather armour (chance to affect: 79%)
The orc barely resists.
You hear some strange, mumbled words.
A magic dart appears from out of thin air!
The magic dart hits you!
You die...

... #.......#
...P# #.......#
h?..#.#.......#
....P.#.......#
..PP.#.......#
P####.........#
..............#
.............)#
...........o@.#
............{.#
.............)#
.######.......#
#.)†....#
#.......#
#.......#
#.......#
#....#.......#


You could see an orc.

Vanquished Creatures
  4 adders
  2 dart slugs
  5 orcs
  4 endoplasms
  A giant cockroach (D:1)
  4 goblins
  3 hobgoblins
  3 quokkas
  3 ball pythons
  4 bats (D:1)
  7 frilled lizards
  3 kobolds
  A rat (D:1)
44 creatures vanquished.

Notes
Turn   | Place    | Note
-------+----------+-------------------------------------------
     0 | D:1      | freelancePsychic the Merfolk Earth Elementalist began the
                  | quest for the Orb.
     0 | D:1      | Reached XP level 1. HP: 13/13 MP: 3/3
    69 | D:1      | You fall into a shaft and drop 1 floor!
   198 | D:2      | Reached skill level 2 in Fighting
   198 | D:2      | Reached XP level 2. HP: 22/22 MP: 0/5
   417 | D:2      | Reached XP level 3. HP: 19/28 MP: 3/6
   504 | D:2      | Noticed Terence
   535 | D:2      | Reached skill level 1 in Shapeshifting
  1130 | D:1      | Reached skill level 3 in Fighting
  1682 | D:2      | Reached XP level 4. HP: 35/35 MP: 3/7
  2181 | D:3      | Reached skill level 1 in Unarmed Combat
  2282 | D:3      | Found a glowing silver altar of Zin.
  2550 | D:4      | Found a staircase to the Ecumenical Temple.
  2560 | Temple   | Entered the Ecumenical Temple
  2581 | Temple   | Became a worshipper of the Wu Jian Council
  2806 | D:4      | Noticed a black bear
  2836 | D:4      | HP: 1/35 [orc/+0 dagger (3)]
  2838 | D:4      | Killed from afar by an orc wizard

Illustrated notes

Levels and vault maps discovered:
D:1:      elethiomel_arrival_shortcut, layout_basic,
          chequers_hall_statues_wall_a
D:2:      layout_loops_ring, uniq_terence
D:3:      wander_river, layout_loops_cross, mainiacjoe_overflow_large_starburst,
          uniq_sigmund
D:4:      cheibrodos_old_hovel, layout_gridville,
          minmay_temple_entry_mini_moons, uniq_natasha, uniq_blork_the_orc
Temple:   hellmonk_temple_of_storms

Skill      XL: |  1  2  3  4 |
---------------+-------------+-----
Fighting       | 2 3 |  3.2
Shapeshifting  | 1 2 |  2.5
Unarmed Combat | 1 |  1.1
Dodging        | |  2.6
Stealth        | |  2.1
Spellcasting   | |  2.0
Conjurations   | |  0.7
Earth Magic    | |  2.4

Action                     |  1- 3 |  4- 6 || total
---------------------------+-------+-------++-------
  Melee: Unarmed           |   101 |    47 ||   148
         Punch             |     1 |       ||     1
   Cast: Sandblast         |    33 |    25 ||    58
Ability: Lunge             |       |     1 ||     1
  Evoke: Wand              |       |     1 ||     1
    Use: Potion            |       |     4 ||     4
         Scroll            |       |     1 ||     1
   Stab: Sleeping          |     4 |     2 ||     6
 Armour: Robe              |    72 |    58 ||   130
  Dodge: Dodged            |    75 |    43 ||   118
